 Dungeon Crawl Stone Soup version 0.30.0-29-ga12c61a403 (webtiles) character file.

Game seed: 4584645708140458976

9 FishyPogo the Insei (level 2, 20/21 HPs)
             Began as a Demonspawn Transmuter on June 5, 2023.
             Was a Follower of Trog.
             Quit the game on level 1 of the Dungeon.
             The game lasted 00:02:22 (203 turns).

FishyPogo the Insei (Demonspawn Transmuter)          Turns: 203, Time: 00:02:23

Health: 20/21      AC:  2    Str: 10    XL:     2   Next: 3%
Magic:  4/5        EV: 12    Int: 14    God:    Trog [*.....]
Gold:   23         SH:  4    Dex: 13    Spells: 2/5 levels left

rFire   . .          .
                       - Unarmed
rCold   . . .        (no shield)
rNeg    . . .        a - +0 robe
rPois   .            (helmet currently unavailable)
rElec   .            (no cloak)
rCorr   .            (no gloves)
SInv    .            (boots currently unavailable)
Will    .....        (no amulet)
Stlth   +            (no ring)
HPRegen 0.23/turn    (no ring)
MPRegen 0.09/turn

%: no passive effects
@: appendages (expiring)
A: horns 2, talons 2, condensation shield
a: End Transformation, Renounce Religion, Berserk


You were on level 1 of the Dungeon.
You worshipped Trog.
Trog was aware of your devotion.
You had temporarily grown beastly horns and talons.
You visited 1 branch of the dungeon, and saw 1 of its levels.

You collected 23 gold pieces.

Inventory:

Missiles
 c - 5 stones
Armour
 a - a +0 robe (worn)
Scrolls
 d - a scroll of torment {unknown}
 e - a scroll of teleportation {unknown}
Potions
 b - a potion of lignification


   Skills:
 * Level 1.3 Fighting
 + Level 1.8 Dodging
 + Level 2.7 Unarmed Combat
 - Level 2.0 Spellcasting
 - Level 0.1 Translocations
 - Level 2.0 Transmutations


You had 2 spell levels left.
You knew the following spells:

 Your Spells              Type           Power      Damage    Failure   Level
a - Beastly Appendage     Tmut           14%        N/A       11%         1
b - Wereblood             Tmut           7%         N/A       16%         2

Your spell library contained the following spells:

 Spells                   Type           Power      Damage    Failure   Level
 Blink                    Tloc           2%         N/A       32%         2
 Lesser Beckoning         Tloc           2%         N/A       32%         2
 Momentum Strike          Conj/Tloc      2%         3d8       34%         2
 Spider Form              Tmut/Pois      4%         N/A       43%         3
 Ice Form                 Ice/Tmut       4%         N/A       83%         4


Dungeon Overview and Level Annotations

Branches:
Dungeon (1/15)

Altars:
Trog


Innate Abilities, Weirdness & Mutations

You have temporarily grown beastly horns and talons.
A meltable shield of frost defends you. (SH +4)


Message History

The quokka bites you.
You closely miss the quokka. You claw the quokka, but do no damage.
The quokka is severely wounded.
The quokka bites you.
You hit the quokka.
You kill the quokka!
You have reached level 2!
Your demonic ancestry asserts itself...
Frost condenses into a shield before you.
Memorise Wereblood, consuming 2 spell levels and leaving 2?
Your horns disappear.
Your talons disappear.
You start memorising the spell.
You continue memorising. x2
You finish memorising.
Spell assigned to 'b'.
You see here a quokka corpse.
A frilled lizard comes into view.
Found a scroll labelled PIATHRY CESUAMO.
Found a faded altar of an unknown god.
The frilled lizard hisses angrily.
A quokka comes into view.
A goblin comes into view. It is wielding a +0 dagger of venom.
The goblin shouts!
Casting: Beastly Appendage (safe; 11% risk of failure)
Confirm with . or Enter, or press ? or * to list all spells.
You grow a pair of large bovine horns.
Your feet morph into talons.
Your transformation is almost over.
You block the goblin's attack.
You hit the goblin.
You kill the goblin!
A kobold comes into view. It is wielding a +0 short sword.
The quokka barely misses you.
The kobold throws a stone.
The stone hits you. The quokka closely misses you.
There is a faded altar of an unknown god here.
This altar belongs to (a) Trog, (b) Okawaru or (c) Cheibriados, but you can't tell which.
Press the corresponding letter to learn more about a god, or press enter to convert or escape to cancel.
Trog accepts your prayer! Trog welcomes you!
You can now go berserk at will.
The quokka closely misses you.
Unknown command.
Press < or > to pray at altars.
Are you sure you want to abandon this character and quit the game? (Confirm with "yes".)

.....##'######+
..#..#...####.. .
##.#...#..#.. ###
.....#...'..†.> .####..
.....#...#..#..
.......####...#...#..#..
......K?..#...#####..###
......8.8)..............
#..@rl.##...#####...
#.8.8..##...#.....##
..................>....
.................#######
....##..............###
........#.......###...##
................# ###...
.. .............# ####
......##.##### #


You could see a quokka, a kobold and a frilled lizard.

Vanquished Creatures
  A dart slug (D:1)
  A ball python (D:1)
  2 goblins (D:1)
  2 quokkas (D:1)
6 creatures vanquished.

Notes
Turn   | Place    | Note
-------+----------+-------------------------------------------
     0 | D:1      | FishyPogo the Demonspawn Transmuter began the quest for the
                  | Orb.
     0 | D:1      | Reached XP level 1. HP: 15/15 MP: 3/3
   118 | D:1      | Gained mutation: A meltable shield of frost defends you.
                  | (SH +4) [demonic ancestry]
   118 | D:1      | Reached XP level 2. HP: 10/21 MP: 5/5
   121 | D:1      | Learned a level 2 spell: Wereblood
   191 | D:1      | Found a faded altar of an unknown god.
   202 | D:1      | Prayed at the altar of an unknown god.
   202 | D:1      | Became a worshipper of Trog the Wrathful
   202 | D:1      | Reached * piety under Trog
   203 | D:1      | Quit the game

Illustrated notes

Levels and vault maps discovered:
D:1:      dpeg_arrival_houses_and_road, layout_rooms,
          chequers_ecumenical_altar_simple, hangedman_decor_push, st_stairs_10,
          patterned_corridor

Skill      XL: |  1 |
---------------+----+-----
Transmutations | 2 |  2.0
Fighting       | |  1.3
Dodging        | |  1.8
Unarmed Combat | |  2.7
Spellcasting   | |  2.0
Translocations | |  0.1

Action                     || total
---------------------------++-------
  Melee: Unarmed           ||    15
         Kick              ||     5
         Headbutt          ||     2
   Cast: Beastly Appendage ||     4
  Dodge: Dodged            ||     9
  Block: Other             ||     1
